 Dungeon Crawl Stone Soup version 0.28.0-47-ge53b351184 (webtiles) character file.

Game seed: 6857168379484691419

1505 styxcanada the Covert (level 8, 0/40 HPs)
             Began as a Spriggan Brigand on May 10, 2022.
             Was an Initiate of Gozag.
             Killed from afar by a steam dragon (20 damage)
             ... with a ball of steam
             ... on level 6 of the Dungeon.
             The game lasted 00:27:48 (6832 turns).

styxcanada the Covert (Spriggan Brigand)            Turns: 6832, Time: 00:27:49

Health: 0/40       AC:  4    Str:  7    XL:     8   Next: 52%
Magic:  13/13      EV: 20    Int: 12    God:    Gozag
Gold:   591        SH:  0    Dex: 19    Spells: 11/13 levels left

rFire   . . .      SeeInvis +   a - +2 dagger
rCold   . . .      Faith    .   (no shield)
rNeg    . . .      Spirit   .   b - +0 robe
rPois   .          Reflect  .   (helmet restricted)
rElec   .          Harm     .   c - +1 cloak
rCorr   .          Rampage  .   (gloves unavailable)
Will    +....      Clarity  +   (boots unavailable)
Stlth   +++++.....              (no amulet)
HPRegen 0.93/turn               (no ring)
MPRegen 0.13/turn               (no ring)

@: gold aura, very quick
A: very small, no large weapons, unfitting armour, see invisible, speed 3,
clarity, regeneration 1
a: Renounce Religion, Potion Petition, Call Merchant, Bribe Branch


You were on level 6 of the Dungeon.
You worshipped Gozag.
Gozag was pleased with you.
You visited 2 branches of the dungeon, and saw 7 of its levels.
You also visited: Ossuary.

You collected 701 gold pieces.
You paid 110 gold pieces to Gozag.

Inventory:

Hand Weapons
 a - a +2 dagger (weapon)
 l - a +0 vorpal hunting sling
 u - a +1 dagger of venom
Missiles
 e - 2 curare-tipped darts (quivered)
 m - 139 stones
 t - 9 sling bullets
Armour
 b - a +0 robe (worn)
 c - a +1 cloak (worn)
Jewellery
 q - an amulet of guardian spirit
Wands
 i - a wand of iceblast (1)
 o - a wand of paralysis (11)
Scrolls
 n - 3 scrolls of enchant armour
 v - a scroll of brand weapon
 w - a scroll of enchant weapon {unknown}
 x - a scroll of teleportation
Potions
 f - 2 potions of lignification
 g - 4 potions of brilliance
 h - 3 potions of mutation
 j - 8 potions of curing
 k - a potion of resistance
 p - 2 potions of might
 r - a potion of degeneration {unknown}
 s - a potion of heal wounds {unknown}


   Skills:
 * Level 3.4 Fighting
 + Level 4.1 Short Blades
 + Level 2.0(3.0) Slings
 + Level 2.7(3.0) Throwing
 * Level 5.2 Dodging
 * Level 10.2 Stealth
 * Level 3.1 Spellcasting
 * Level 3.3 Hexes
 * Level 2.1 Ice Magic
 * Level 3.7 Evocations


You had 11 spell levels left.
You knew the following spells:

 Your Spells              Type           Power      Damage    Failure   Level
a - Ensorcelled Hibernat  Hex/Ice        16%        N/A       12%         2

Your spell library contained the following spells:

 Spells                   Type           Power      Damage    Failure   Level
 Shock                    Conj/Air       4%         1d3       24%         1
 Sublimation of Blood     Necr           1%         N/A       36%         2
 Wereblood                Tmut           1%         N/A       36%         2
 Inner Flame              Hex/Fire       5%         N/A       36%         3
 Portal Projectile        Hex/Tloc       10%        N/A       36%         3
 Cause Fear               Hex            4%         N/A       52%         4
 Call Canine Familiar     Summ           1%         N/A       58%         3
 Spider Form              Tmut/Pois      1%         N/A       58%         3
 Swiftness                Air            1%         N/A       58%         3
 Anguish                  Hex/Necr       2%         N/A       77%         4
 Leda's Liquefaction      Hex/Erth       2%         N/A       77%         4
 Airstrike                Air            0%         N/A       94%         4
 Summon Hydra             Summ           0%         N/A       100%        7
 Discord                  Hex            4%         N/A       100%        8


Dungeon Overview and Level Annotations

Branches:
Dungeon (6/15)             Temple (1/1) D:6         Ossuary (visited)

Altars:
Dithmenos
Elyvilon
Fedhas
Gozag
Hepliaklqana
Kikubaaqudgha
Okawaru
Qazlal
Sif Muna
Trog
Uskayaw
Vehumet
Wu Jian
Xom
Yredelemnul

Shops:
D:5 *


Innate Abilities, Weirdness & Mutations

You are very small and have problems with some larger weapons.
You are too small for most types of armour.
You have supernaturally acute eyesight. (SInv)
You cover ground extremely quickly. (Speed+++)
You possess an exceptional clarity of mind.
Your natural rate of healing is unusually fast.


Message History

Aim: an iguana (moderately wounded, 66% to hit)
You throw a poisoned dart. The poisoned dart hits the iguana.
The iguana is poisoned.
The iguana is moderately wounded.
Throw: 5 darts (poison)
Press: ? - help, Q - select action, (/) - cycle Shift-Dir - straight line, f/p - iguana
Aim: an iguana (heavily wounded, poisoned, 66% to hit)
You throw a poisoned dart.
The poisoned dart barely misses the iguana.
Throw: 4 darts (poison)
Press: ? - help, Q - select action, (/) - cycle Shift-Dir - straight line, f/p - iguana
Aim: an iguana (heavily wounded, poisoned, 66% to hit)
You throw a poisoned dart. The poisoned dart hits the iguana.
The iguana looks even sicker.
The iguana is heavily wounded.
Throw: 3 darts (poison)
Press: ? - help, Q - select action, (/) - cycle Shift-Dir - straight line, f/p - iguana
Aim: an iguana (heavily wounded, very poisoned, 66% to hit)
You throw a poisoned dart. The poisoned dart hits the iguana.
The iguana looks even sicker.
The iguana is heavily wounded.
You feel a bit more experienced.
Throw: 2 darts (poison)
Press: ? - help, Q - select action, (/) - cycle Shift-Dir - straight line, f - steam dragon
Aim: a steam dragon (lightly wounded, 63% to hit)
You throw a poisoned dart.
The poisoned dart hits the steam dragon.
The steam dragon is poisoned.
The steam dragon is lightly wounded.
Throw: dart (poison)
Press: ? - help, Q - select action, (/) - cycle Shift-Dir - straight line, f/p - steam dragon
Aim: a steam dragon (lightly wounded, poisoned, 63% to hit)
You throw a poisoned dart.
The poisoned dart barely misses the steam dragon.
Unknown command.
The steam dragon breathes steam at you. The ball of steam hits you!!
Ouch! That really hurt!
You die...
Your body crumbles into a pile of gold.

# #.# ###<#.# #.#
#.#.#####.#.###.#
#....>.......##.#
######>##.....#..
.......#..........
#######.##..)..##. #
#. ##...###.
#.##########.# ##.##
#. .##.....@.......
...# #.
.......§######.######
#. #######§# #. #.
#.# ## #. #.# #.
#.###### #. #D##...
#. #(##.## ##### #.
#.#(.l(####...#####.


There were no monsters in sight!

Vanquished Creatures
  The ghost of GigaChad the Covered, an amateur MiFi of Okawaru (D:4)
  An ice beast (D:6)
  2 black bears
  A necrophage (D:5)
  2 phantoms
  A scorpion (D:6)
  A wyvern zombie (D:6)
  A water moccasin skeleton (D:5)
  A bullfrog skeleton (D:4)
  4 hounds
  2 orc priests (D:4)
  A jelly (D:6)
  A centaur skeleton (D:4)
  A scorpion zombie (D:5)
  3 iguanas
  An orc wizard (D:4)
  8 mummies (Ossuary)
  2 howler monkey skeletons
  4 gnolls (D:3)
  5 adders
  2 worms
  4 dart slugs
  8 orcs (D:4)
  9 ball pythons
  5 bats
  12 endoplasms
  2 gnoll zombies (Ossuary)
  12 hobgoblins
  3 kobolds
  3 quokkas
  7 frilled lizards
  9 goblins
  2 hobgoblin zombies (Ossuary)
  A kobold zombie (Ossuary)
  3 orc zombies (Ossuary)
  4 rats
129 creatures vanquished.

Notes
Turn   | Place    | Note
-------+----------+-------------------------------------------
     0 | D:1      | styxcanada the Spriggan Brigand began the quest for the
                  | Orb.
     0 | D:1      | Reached XP level 1. HP: 10/10 MP: 2/2
    31 | D:1      | Reached skill level 6 in Stealth
    45 | D:1      | Found a faded altar of an unknown god.
   145 | D:1      | Reached XP level 2. HP: 7/14 MP: 3/3
   663 | D:1      | Reached XP level 3. HP: 18/18 MP: 4/4
   864 | D:1      | Reached skill level 7 in Stealth
  1619 | D:2      | Reached XP level 4. HP: 21/23 MP: 5/5
  2684 | D:3      | Reached skill level 8 in Stealth
  2684 | D:3      | Reached XP level 5. HP: 26/26 MP: 6/6
  2724 | D:3      | Learned a level 2 spell: Ensorcelled Hibernation
  2894 | D:4      | Reached skill level 1 in Evocations
  3361 | D:4      | Found a hazy altar of Hepliaklqana.
  3426 | D:4      | Reached skill level 1 in Spellcasting
  3426 | D:4      | Reached XP level 6. HP: 21/30 MP: 8/8
  3526 | D:4      | Reached skill level 1 in Hexes
  3553 | D:4      | Found a shadowy altar of Dithmenos.
  3561 | D:4      | Found a runed translucent door.
  3561 | D:4      | Noticed GigaChad's ghost (amateur MiFi)
  3605 | D:4      | Killed GigaChad's ghost
  3606 | D:4      | Reached skill level 9 in Stealth
  3606 | D:4      | Reached skill level 1 in Ice Magic
  4213 | D:5      | Entered Level 5 of the Dungeon
  4291 | D:5      | Reached XP level 7. HP: 11/35 MP: 10/10
  4706 | D:5      | Gained mutation: You have an increased reservoir of magic.
                  | (+10% MP) [potion of mutation]
  4706 | D:5      | Gained mutation: You have large cloven feet. [potion of
                  | mutation]
  4707 | D:5      | Lost mutation: You have an increased reservoir of magic.
                  | (+10% MP) [potion of mutation]
  4707 | D:5      | Lost mutation: You have large cloven feet. [potion of
                  | mutation]
  4707 | D:5      | Gained mutation: Your natural rate of healing is unusually
                  | fast. [potion of mutation]
  4707 | D:5      | Gained mutation: You possess an exceptional clarity of
                  | mind. [potion of mutation]
  5044 | D:5      | Found Tloireig's Tempting Trifles.
  5754 | D:6      | Found a staircase to the Ecumenical Temple.
  5766 | D:6      | Reached skill level 10 in Stealth
  5766 | D:6      | Reached XP level 8. HP: 39/39 MP: 11/13
  5773 | Temple   | Entered the Ecumenical Temple
  5842 | Temple   | Became a worshipper of Gozag Ym Sagoz the Greedy
  5870 | D:6      | Found a bloodstained altar of Trog.
  5982 | D:6      | Reached skill level 1 in Slings
  6200 | D:6      | Found a sand-covered staircase.
  6204 | Ossuary  | Entered an ossuary
  6716 | D:6      | Reached skill level 5 in Dodging
  6832 | D:6      | Killed from afar by a steam dragon

Illustrated notes

Levels and vault maps discovered:
D:1:      dpeg_arrival_rooms_c, layout_basic, ebering_ecumenical_altar_abandoned
D:2:      layout_rooms, minmay_misc_feat_doors, minmay_goblin_outpost
D:3:      layout_loops_ring
D:4:      layout_basic, nicolae_dithmenos_through_a_glass_darkly,
          amcnicky_altar_gilded, hellmonk_ghost_happy_afterlife
D:5:      layout_cave_pods, nicolae_alphabet_shops,
          hangedman_decor_diamond_cutter
D:6:      layout_loops_ring, old_standard_altar, minmay_temple_entry_crystal_x,
          lightli_ossuary_entry_decrepit_ruins, corner_web_ring,
          kennysheep_small_square, uniq_menkaure
Temple:   eino_temple_scatter_basement

Skill      XL: |  1  2  3  4  5  6  7  8 |
---------------+-------------------------+-----
Stealth        | 6 7 8 9 10 | 10.2
Dodging        | 2 3 4 5 |  5.2
Fighting       | 2 3 |  3.4
Evocations     | 1 2 3 |  3.7
Short Blades   | 3 4 |  4.1
Spellcasting   | 1 2 3 |  3.1
Hexes          | 1 2 3 |  3.3
Ice Magic      | 1 2 |  2.1
Slings         | 2 |  2.0
Throwing       | |  2.7

Action                   |  1- 3 |  4- 6 |  7- 9 || total
-------------------------+-------+-------+-------++-------
Melee: Dagger            |   107 |   164 |   183 ||   454
       Punch             |     2 |     1 |     7 ||    10
 Fire: Hunting sling     |       |     6 |    49 ||    55
Throw: Dart              |    19 |    18 |    19 ||    56
Evoke: Wand              |       |     2 |     4 ||     6
  Use: Scroll            |       |    11 |     6 ||    17
       Potion            |       |       |     3 ||     3
 Stab: Sleeping          |    18 |    11 |     5 ||    34
       Distracted        |       |     1 |       ||     1
       Paralysed         |       |     2 |     1 ||     3
Armor: Robe              |    11 |     8 |    16 ||    35
Dodge: Dodged            |    61 |    92 |   124 ||   277
